 Dungeon Crawl Stone Soup version 0.26.1-11-gd32895ea62 (webtiles) character file.

Game seed: 10570348327971448771

1754 Glamhuggeren the Conjurer (level 8, -11/58 HPs)
             Began as a Demonspawn Fire Elementalist on June 18, 2021.
             Was an Initiate of Vehumet.
             Killed from afar by Maggie (23 damage)
             ... with a bolt of fire
             ... on level 7 of the Dungeon.
             The game lasted 00:29:57 (7232 turns).

Glamhuggeren the Conjurer (DsFE)                    Turns: 7232, Time: 00:29:59

Health: -11/58     AC:  4    Str:  8    XL:     8   Next: 78%
Magic:  6/15       EV: 12    Int: 18    God:    Vehumet [......]
Gold:   310        SH:  0    Dex: 15    Spells: 7/17 levels left

rFire    . . .     SeeInvis +   a - staff of cold
rCold    + . .     Faith    .   (no shield)
rNeg     . . .     Spirit   .   q - +0 robe
rPois    .         Reflect  .   (helmet unavailable)
rElec    .         Harm     .   n - +0 cloak
rCorr    .         Rampage  .   v - +0 pair of gloves
Will     .....                  (no boots)
Stlth    +++.......             (no amulet)
HPRegen  0.19/turn              (no ring)
MPRegen  0.14/turn              (no ring)

@: mesmerised
A: antennae 3, spiny 2
a: Renounce Religion


You were on level 7 of the Dungeon.
You worshipped Vehumet.
Vehumet was noncommittal.
You visited 2 branches of the dungeon, and saw 8 of its levels.

You collected 392 gold pieces.
You spent 82 gold pieces at shops.

Inventory:

Hand Weapons
 b - a +0 hunting sling
 c - a +0 short sword
 E - a +0 dagger of protection
Missiles
 i - 262 stones
 k - 19 poisoned darts
 o - 2 throwing nets
Armour
 g - a scarf of shadows
 n - a +0 cloak (worn)
 q - a +0 robe (worn)
 v - a +0 pair of gloves (worn)
Magical Staves
 a - an uncursed staff of cold (weapon)
Jewellery
 w - an uncursed ring of see invisible
Scrolls
 e - 2 scrolls of random uselessness {unknown}
 f - 9 scrolls of teleportation
 h - a scroll of fear {unknown}
 j - 3 scrolls of immolation
 l - 6 scrolls of remove curse
 t - a scroll of noise {unknown}
 x - a scroll of enchant armour {unknown}
 y - 2 scrolls of blinking
Potions
 m - a potion of mutation {unknown}
 p - a potion of degeneration {unknown}
 r - a potion of resistance {unknown}
 s - a potion of attraction
 u - a potion of curing
 z - 2 potions of berserk rage
 A - a potion of magic {unknown}
 B - a potion of lignification {unknown}
 C - a potion of haste {unknown}
 D - a potion of brilliance {unknown}


   Skills:
 - Level 3.0 Fighting
 + Level 2.9 Staves
 - Level 2.0 Dodging
 - Level 4.0 Stealth
 - Level 5.0 Spellcasting
 * Level 6.6 Conjurations
 * Level 4.9 Fire Magic
 + Level 0.2 Evocations


You had 7 spell levels left.
You knew the following spells:

 Your Spells              Type           Power        Failure   Level
a - Foxfire               Conj/Fire      100%         1%          1
b - Fireball              Conj/Fire      12%          34%         5
c - Sticky Flame          Conj/Fire      25%          12%         4

Your spell library contained the following spells:

 Spells                   Type           Power        Failure   Level
 Conjure Flame            Conj/Fire      25%          3%          3
 Inner Flame              Hex/Fire       13%          14%         3


Dungeon Overview and Level Annotations

Branches:
Dungeon (7/15)             Temple (1/1) D:6

Altars:
Ashenzari
Dithmenos
Elyvilon
Fedhas
Gozag
Hepliaklqana
Kikubaaqudgha
Makhleb
Nemelex Xobeh
Okawaru
Qazlal
Ru
Sif Muna
Trog
Uskayaw
Vehumet
Wu Jian
Xom
Yredelemnul
Zin
The Shining One

Shops:
D:5 ?

Annotations:
D:4 Blork the orc
D:7 Maggie


Innate Abilities, Weirdness & Mutations

You have a pair of large antennae on your head. (SInv)
You are mostly covered in sharp spines.


Message History

You cannot move away from Maggie!
Casting: Foxfire (safe; 1% risk of failure)
Press: ? - help, Q - select action, (/) - cycle Dir - look around, f - activate You conjure some foxfire!
Maggie barely misses you.
The foxfire hits Maggie.
Maggie is severely wounded.
The foxfire hits Maggie.
Maggie is severely wounded.
Maggie mumbles some strange words.
Maggie draws you further into her thrall.
You closely miss Maggie.
Maggie is severely wounded.
Maggie barely misses you.
Casting: Foxfire (safe; 1% risk of failure)
Press: ? - help, Q - select action, (/) - cycle Dir - look around, f - activate You conjure some foxfire!
Maggie casts a spell at you. The bolt of fire hits you!!
You die...

.# #.# .# .# #.# #.# .#
#.# #(# .# #.# #.#
.#########.#####.#
...............#
.....##.######.#
##$......(....@########
#.#.##.######@v......:
# .........v<.#####
.................#
..####.#######.###....
# #.# #.# ##. #.# #.#
#. #.# #.# #.#


You could see Maggie (mesmerising).

Vanquished Creatures
  Grinder (D:4)
  Sigmund (D:3)
  Eustachio (D:6)
  Duvessa (D:4)
  An ogre (D:5)
  2 phantoms (D:6)
  An ice beast (D:6)
  A centaur (D:6)
  A bullfrog (D:6)
  Dowan (D:4)
  2 hounds
  2 jellies
  2 orc priests (D:5)
  An iguana (D:5)
  4 orc wizards
  3 worker ants
  A hound skeleton (D:4)
  A worker ant zombie (D:6)
  A howler monkey skeleton (D:4)
  9 adders
  A white imp (D:6)
  2 ufetubi (D:6)
  2 adder zombies (D:5)
  3 adder skeletons
  3 worms
  3 dart slugs (D:1)
  A leopard gecko (D:3)
  18 orcs
  4 giant cockroaches
  5 goblins
  6 hobgoblins
  2 jackals (D:2)
  8 kobolds
  3 quokkas
  2 ball pythons (D:1)
  9 bats
  2 frilled lizards (D:1)
  2 leopard gecko skeletons
  3 rats (D:1)
116 creatures vanquished.

Vanquished Creatures (others)
  232 foxfires
  9 plants (D:1)
241 creatures vanquished.

Grand Total: 357 creatures vanquished

Notes
Turn   | Place    | Note
-------+----------+-------------------------------------------
     0 | D:1      | Glamhuggeren the Demonspawn Fire Elementalist began the
                  | quest for the Orb.
     0 | D:1      | Reached XP level 1. HP: 13/13 MP: 3/3
   305 | D:1      | Gained mutation: You are partially covered in sharp spines.
                  | [demonic ancestry]
   305 | D:1      | Reached XP level 2. HP: 19/19 MP: 5/5
   852 | D:1      | Reached XP level 3. HP: 23/24 MP: 6/6
  1578 | D:2      | Reached skill level 2 in Conjurations
  1753 | D:2      | Reached XP level 4. HP: 16/30 MP: 6/8
  2519 | D:3      | Noticed Sigmund
  2538 | D:3      | Killed Sigmund
  2539 | D:3      | Reached skill level 3 in Conjurations
  2539 | D:3      | Gained mutation: You are mostly covered in sharp spines.
                  | [demonic ancestry]
  2539 | D:3      | Reached XP level 5. HP: 13/35 MP: 3/10
  2998 | D:3      | Gained mutation: You have a pair of small antennae on your
                  | head. [demonic ancestry]
  2998 | D:3      | Reached XP level 6. HP: 41/41 MP: 9/11
  3486 | D:4      | Noticed Dowan
  3488 | D:4      | Noticed Blork the orc
  3488 | D:4      | Noticed Duvessa
  3785 | D:4      | Noticed Grinder
  3799 | D:4      | Killed Grinder
  3800 | D:4      | Reached skill level 4 in Conjurations
  3800 | D:4      | Gained mutation: You have a pair of antennae on your head.
                  | [demonic ancestry]
  3800 | D:4      | Reached XP level 7. HP: 37/46 MP: 7/13
  3806 | D:4      | Learned a level 5 spell: Fireball
  4255 | D:4      | Killed Duvessa
  4258 | D:4      | Killed Dowan
  4259 | D:4      | Reached skill level 5 in Spellcasting
  4259 | D:4      | Reached skill level 5 in Conjurations
  4963 | D:5      | Entered Level 5 of the Dungeon
  5073 | D:5      | Learned a level 4 spell: Sticky Flame
  5086 | D:5      | Reached skill level 1 in Fighting
  5197 | D:5      | Reached skill level 1 in Staves
  5208 | D:5      | Found Koel's Magic Scroll Emporium.
  5223 | D:5      | Bought a scroll of blinking for 82 gold pieces
  5378 | D:5      | Gained mutation: You have a pair of large antennae on your
                  | head. (SInv) [demonic ancestry]
  5378 | D:5      | Reached XP level 8. HP: 34/57 MP: 5/15
  6054 | D:6      | Noticed Eustachio
  6079 | D:6      | Killed Eustachio
  6080 | D:6      | Reached skill level 6 in Conjurations
  6197 | D:6      | Found a glowing silver altar of Zin.
  6773 | D:6      | Found a staircase to the Ecumenical Temple.
  6784 | Temple   | Entered the Ecumenical Temple
  6948 | Temple   | Became a worshipper of Vehumet
  7196 | D:7      | Noticed Maggie
  7232 | D:7      | Killed from afar by Maggie

Illustrated notes

Levels and vault maps discovered:
D:1:      eino_arrival_water_cross, layout_loops_ring
D:2:      layout_basic, minmay_pentomino_t2
D:3:      minmay_razor_zed, layout_loops_ring, uniq_sigmund
D:4:      layout_basic, uniq_blork_the_orc, uniq_grinder, uniq_duvessa
D:5:      layout_basic, serial_shops,
          nicolae_shop_temple_entry_statues_fountains,
          hangedman_abyss_or_decor_stagger
D:6:      layout_basic, temple_green, basic_altar, uniq_eustachio
D:7:      layout_loops_ring, uniq_joseph, uniq_crazy_yiuf_cottage, uniq_pikel,
          uniq_maggie
Temple:   kilobyte_greek_temple

Skill      XL: |  1  2  3  4  5  6  7  8 |
---------------+-------------------------+-----
Dodging        | 2 |  2.0
Stealth        | 2 3 4 |  4.0
Fire Magic     | 3 4 |  4.9
Conjurations   | 2 3 4 5 6 |  6.6
Spellcasting   | 3 4 5 |  5.0
Fighting       | 2 3 |  3.0
Staves         | 1 2 |  2.9
Evocations     | |  0.2

Action                   |  1- 3 |  4- 6 |  7- 9 || total
-------------------------+-------+-------+-------++-------
Melee: Short sword       |    67 |    11 |       ||    78
       Unarmed           |     4 |       |       ||     4
       Dagger            |       |    39 |    94 ||   133
       Staff             |       |       |     8 ||     8
Throw: Stone             |       |       |     1 ||     1
 Cast: Foxfire           |    22 |    27 |    78 ||   127
       Sticky Flame      |       |       |     1 ||     1
  Use: Potion            |       |     1 |     2 ||     3
       Scroll            |       |     4 |     2 ||     6
 Stab: Sleeping          |     4 |     5 |     5 ||    14
Armor: Robe              |    18 |    12 |    36 ||    66
Dodge: Dodged            |    45 |    31 |    65 ||   141
